cohdb
Replays
Latest Replays
All Replays
Popular Replays
Top Player Replays
Match Explorer
How It Works
Community
CoH3 Stats
Reddit
Sign in to upload your games and track your stats! →
Sign in with Steam
Match 43943517
Unlisted
Match 43943517
Overview
Messages
Build Orders
End
Construct Barracks
Selects Heavy Weapons
Riflemen Squad
Riflemen Squad
Construct Weapon Support Center
M1919 Machine Gun Team
M1 Mortar Team
Grenade Package
Selects M2HB .50cal Heavy Machine Gun
Riflemen Squad
M1919 Machine Gun Team
Mechanized Support Center
Engineer Squad
M1918 Browning Automatic Rifles
M3 Armored Personnel Carrier
Selects Assault Carriers
Selects Exchangeable Parts
Forward Retreat Point
.30 cal Machine Gun
Riflemen Squad
.30 cal Machine Gun
Construct Tank Depot
M4A1 Sherman Medium Tank
M4A1 76mm Conversion
Selects Towed M5 3-inch Anti-tank Gun
M4A1(76) Sherman Medium Tank
MateushM
Cavalera
mickal21
BPM
RhumsteaK
*jac1p*
King Raptor
Cotory
0
0
Comments
sign in to comment!
No comments posted yet!